 Dungeon Crawl Stone Soup version 0.22-a0-480-g991dd4b (webtiles) character file.

225 KillYourself the Chopper (level 5, -2/70 HPs)
             Began as a Draconian Berserker on June 16, 2018.
             Was a Believer of Trog.
             Slain by KillYourself's ghost (6 damage)
             ... on level 3 of the Dungeon.
             The game lasted 00:05:53 (1931 turns).

KillYourself the Chopper (Draconian Berserker)      Turns: 1931, Time: 00:05:54

Health: -2/70      AC:  5    Str: 25    XL:     5   Next: 68%
Magic:  0/5        EV: 13    Int:  7    God:    Trog [**....]
Gold:   100        SH:  0    Dex: 11    Spells: 4/4 levels left

rFire    x . .     SeeInvis .   a - +0 hand axe
rCold    + . .     Gourm    .   (no shield)
rNeg     . . .     Faith    .   (armour unavailable)
rPois    .         Spirit   +   (helmet restricted)
rElec    .         Reflect  .   (no cloak)
rCorr    .         Harm     .   (no gloves)
MR       +....                  (no boots)
Stlth    ..........             h - amulet of guardian spirit
HPRegen  0.21/turn              i - ring of ice
MPRegen  0.09/turn              m - ring of protection from magic

@: berserking, very quick
A: unfitting armour, cold-blooded, AC +5
a: Berserk, Trog's Hand, Renounce Religion


You were on level 3 of the Dungeon.
You worshipped Trog.
Trog was pleased with you.
You were very hungry.

You visited 1 branch of the dungeon, and saw 3 of its levels.

You collected 100 gold pieces.

Inventory:

Hand Weapons
 a - a +0 hand axe (weapon)
Jewellery
 h - an amulet of guardian spirit (around neck)
 i - a ring of ice (left hand)
 m - a ring of protection from magic (right hand)
Scrolls
 c - 2 scrolls of identify {unknown}
 d - a scroll of fear {unknown}
 f - 4 scrolls of remove curse {unknown}
 g - 2 scrolls of magic mapping {unknown}
 j - a scroll of random uselessness {unknown}
 k - 2 scrolls of teleportation {unknown}
Potions
 e - a potion of brilliance
 l - a potion of curing
Comestibles
 b - 5 rations


   Skills:
 * Level 4.8 Fighting
 * Level 5.1 Axes
 + Level 3.3 Dodging
 + Level 0.4 Stealth


You had 4 spell levels left.
You didn't know any spells.
Your spell library was empty.

Dungeon Overview and Level Annotations

Branches:
Dungeon (3/15)

Altars:
The Shining One

Annotations:
D:3 KillYourself's ghost, amateur DrBe


Innate Abilities, Weirdness & Mutations

Your plain brown scales are hard. (AC +5)
You cannot fit into any form of body armour.
You are cold-blooded and may be slowed by cold attacks.


Message History

You are feeling very hungry.
KillYourself's ghost hits you!
You hit KillYourself's ghost. You tail-slap KillYourself's ghost.
KillYourself's ghost is lightly damaged.
KillYourself's ghost hits you!
* * * LOW HITPOINT WARNING * * *
You barely miss KillYourself's ghost.
KillYourself's ghost is lightly damaged.
KillYourself's ghost hits you!
* * * LOW HITPOINT WARNING * * *
You completely miss KillYourself's ghost.
KillYourself's ghost is lightly damaged.
You barely miss KillYourself's ghost.
KillYourself's ghost is lightly damaged.
KillYourself's ghost hits you!
* * * LOW HITPOINT WARNING * * *
You closely miss KillYourself's ghost.
KillYourself's ghost is lightly damaged.
KillYourself's ghost hits you.
You die...

#.# #.#.# #<#
#.#.# # #.# #.#.#
#.#.###.####.#.##
................#
#............#..#
....#.#.##......#
### #.#.##.####)#
#.#.##.# #@# #
#.##.# #W# #.##.#
#.# #.##.# #.#
#.##.# ##.## #.#
#...#
#....†.....#
#...###...#.# ..
....#.#


You could see KillYourself's ghost.

Vanquished Creatures
  Sigmund (D:2)
  3 adders (D:2)
  3 worms (D:2)
  2 dart slugs
  A leopard gecko (D:2)
  3 giant cockroaches
  A goblin (D:1)
  4 hobgoblins
  A kobold (D:2)
  3 quokkas (D:2)
  A ball python (D:2)
  2 bats
  2 frilled lizards
  3 rats
30 creatures vanquished.

Notes
Turn   | Place    | Note
-------+----------+-------------------------------------------
     0 | D:1      | KillYourself the Draconian Berserker began the quest for the Orb.
     0 | D:1      | Reached XP level 1. HP: 19/19 MP: 1/1
   300 | D:1      | Reached XP level 2. HP: 24/26 MP: 2/2
   654 | D:2      | Reached XP level 3. HP: 20/33 MP: 1/3
   942 | D:2      | Reached ** piety under Trog
   960 | D:2      | HP: 1/33 [poisoned by an adder]
  1595 | D:2      | Reached skill level 4 in Axes
  1685 | D:2      | Reached XP level 4. HP: 40/40 MP: 4/4
  1722 | D:2      | Noticed Sigmund
  1728 | D:2      | Killed Sigmund
  1728 | D:2      | Reached skill level 5 in Axes
  1728 | D:2      | Reached XP level 5. HP: 47/47 MP: 2/5
  1752 | D:2      | Found a glowing golden altar of the Shining One.
  1910 | D:3      | Noticed KillYourself's ghost (amateur DrBe)
  1931 | D:3      | Slain by KillYourself's ghost

Vault maps used:
D:1:      nzn_arrival_settlement
D:2:      kennysheep_cluttered_room, nicolae_tso_swordbearing_angel,
          uniq_sigmund
D:3:      grunt_temple_overflow_order_and_chaos_1, first_ration,
          kennysheep_nondescript, uniq_crazy_yiuf_cottage

Skill      XL: |  1  2  3  4 |
---------------+-------------+-----
Fighting       | 4 |  4.8
Dodging        | 3 |  3.3
Axes           | 4 5 |  5.1
Stealth        | |  0.4

Action                   |  1- 3 |  4- 6 || total
-------------------------+-------+-------++-------
Melee: Hand axe          |    92 |    18 ||   110
       Tailslap          |    12 |     3 ||    15
Invok: Berserk           |     2 |     2 ||     4
       Trog's Hand       |       |     2 ||     2
  Use: Potion            |     3 |     2 ||     5
  Eat: Chunk             |     4 |     2 ||     6
Armor: Skin              |    26 |     3 ||    29
Dodge: Dodged            |    46 |     7 ||    53

Table legend:
 A = Spawn XP
 B = Non-spawn XP
 C = Spawn XP percentage of total XP
 D = Spawn monster count
 E = Non-spawn monster count
 F = Spawn count percentage of total count
 G = Total turns spent on level
                    A         B        C        D         E        F      G
               +---------+---------+-------+---------+---------+-------+---------
         Total |       0 |     322 |   0.0 |       0 |      30 |   0.0 |  1931
               +---------+---------+-------+---------+---------+-------+---------
           D:1 |       0 |      14 |   0.0 |       0 |       7 |   0.0 |   565
           D:2 |       0 |     307 |   0.0 |       0 |      22 |   0.0 |  1323
           D:3 |       0 |       1 |   0.0 |       0 |       1 |   0.0 |    43
               +---------+---------+-------+---------+---------+-------+---------
